[Event "Titled Tuesday Blitz July 25 Early 2023"]
[White "Gyulamiryan-koryun"]
[Black "Alahakoon, Isuru"]
[BlackFideId "9900993"]
[WhiteElo "2068"]
[BlackElo "2340"]
[Result "0-1"]
[Round "9"]
[TimeControl "180+2"]
[Date "2023.07.25"]
[WhiteClock "0:00:00"]
[BlackClock "0:00:10"]
[Board "155"]

1. d4 d5 2. c4 e6 3. Nf3 Nf6 4. g3 Bb4+ 5. Bd2 Bd6 6. Bg2 O-O 7. O-O c6 8. Nc3 Nbd7 9. Re1 dxc4 10. e4 e5 11. d5 Nc5 12. dxc6 bxc6 13. Bg5 Nd3 14. Re2 h6 15. Bxf6 Qxf6 16. Ne1 Bg4 17. f3 Bc5+ 18. Kh1 Rad8 19. Nxd3 cxd3 20. Rd2 Be3 21. Rxd3 Bxf3 22. Qc2 Bxg2+ 23. Kxg2 Rxd3 24. Qxd3 Qf2+ 25. Kh3 Bd4 26. Rf1 Qxb2 27. Ne2 Qb5 28. Qf3 c5 29. g4 a5 30. Ng3 g6 31. g5 h5 32. Qf6 Qd7+ 33. Kg2 Qg4 34. Rf3 h4 35. h3 Qe6 36. Qxe6 fxe6 37. Ne2 Rxf3 38. Kxf3 c4 39. Nc1 Kf7 40. Ke2 Ke7 41. Kd2 Kd6 42. Ne2 Kc5 43. Kc2 Kb4 44. Nc1 Ka3 45. Kd2 Kb2 46. Ne2 c3+ 47. Kd3 c2 0-1


[Site "https://www.chess.com"]

[Event "Titled Tuesday Blitz July 25 Early 2023"]
[White "ivana_999"]
[Black "Sriniaiyer, Sudarshan"]
[BlackFideId "30937213"]
[WhiteElo "2068"]
[BlackElo "2328"]
[Result "0-1"]
[Round "9"]
[TimeControl "180+2"]
[Date "2023.07.25"]
[WhiteClock "0:00:46"]
[BlackClock "0:01:25"]
[Board "156"]

1. d4 Nf6 2. c4 g6 3. Nc3 Bg7 4. e4 d6 5. f4 O-O 6. Nf3 c5 7. d5 e6 8. Be2 exd5 9. cxd5 a6 10. a4 Re8 11. e5 dxe5 12. fxe5 Ng4 13. e6 fxe6 14. d6 Nc6 15. Bg5 Qd7 16. h3 Nge5 17. Nxe5 Bxe5 18. Ne4 Rf8 19. Bh6 Rf7 20. Qd2 Nd4 21. O-O-O Nb3+ 0-1


[Site "https://www.chess.com"]

[Event "Titled Tuesday Blitz July 25 Early 2023"]
[White "Kohler, Aran"]
[Black "Rodchenkov, Sergey D."]
[WhiteFideId "1002856"]
[BlackFideId "4168712"]
[WhiteElo "2254"]
[BlackElo "2521"]
[Result "1-0"]
[Round "9"]
[TimeControl "180+2"]
[Date "2023.07.25"]
[WhiteClock "0:00:38"]
[BlackClock "0:00:25"]
[Board "157"]

1. d4 d5 2. Nf3 Nf6 3. Bg5 Ne4 4. h4 c5 5. c3 Nc6 6. e3 h6 7. Bf4 Qb6 8. Qb3 c4 9. Qc2 Bf5 10. Qc1 a5 11. Nbd2 Nxd2 12. Nxd2 a4 13. Be2 f6 14. g4 Bg6 15. h5 Bh7 16. Bg3 e5 17. f4 Bd6 18. f5 O-O 19. O-O Rfe8 20. Bf3 Qb5 21. Bg2 Kh8 22. Rb1 Bg8 23. Nf3 a3 24. bxa3 Qa6 25. Nh4 Bf7 26. Ng6+ Bxg6 27. hxg6 Bxa3 28. Qd2 exd4 29. exd4 Qa5 30. Bf4 Bf8 31. Bf3 Qxa2 32. Rb2 Qa5 33. Rf2 b5 34. Rh2 Ra7 35. Bxd5 Qa1+ 36. Kg2 Qe1 37. Qxe1 Rxe1 38. Bxc6 Raa1 39. Bxb5 Rg1+ 40. Kh3 Raf1 41. Bxc4 Rf3+ 42. Kh4 Rxf4 43. Be2 Bd6 44. Ra2 Rb1 45. Ra8+ Bb8 46. Bd3 Rb7 47. Re2 1-0


[Site "https://www.chess.com"]

[Event "Titled Tuesday Blitz July 25 Early 2023"]
[White "Voege, Tobias"]
[Black "Graham, Nathaniel"]
[WhiteFideId "1270513"]
[BlackFideId "2007983"]
[WhiteElo "2604"]
[BlackElo "1998"]
[Result "1-0"]
[Round "9"]
[TimeControl "180+2"]
[Date "2023.07.25"]
[WhiteClock "0:00:47"]
[BlackClock "0:00:00"]
[Board "158"]

1. e4 c5 2. Nf3 e6 3. d4 cxd4 4. Nxd4 a6 5. c4 Qc7 6. Nc3 Nf6 7. Be3 Bb4 8. f3 d5 9. cxd5 exd5 10. Qa4+ Nc6 11. Nxc6 Bxc3+ 12. bxc3 Qxc6 13. Qxc6+ bxc6 14. e5 Nd7 15. f4 Rb8 16. Bd3 O-O 17. O-O Re8 18. Bf2 Nf8 19. Rab1 Bd7 20. Bxa6 Bf5 21. Rb3 Ra8 22. Bb7 Rxa2 23. Bxc6 Rd8 24. Bb6 Rc8 25. Bxd5 1-0


[Site "https://www.chess.com"]

[Event "Titled Tuesday Blitz July 25 Early 2023"]
[White "Goffredo_Fofi"]
[Black "Fernandez Hernandez, Gerardo"]
[BlackFideId "2207400"]
[WhiteElo "2485"]
[BlackElo "2230"]
[Result "1-0"]
[Round "9"]
[TimeControl "180+2"]
[Date "2023.07.25"]
[WhiteClock "0:00:11"]
[BlackClock "0:00:00"]
[Board "159"]

1. d4 Nf6 2. c3 g6 3. Bg5 Bg7 4. Nd2 d5 5. e3 O-O 6. Bd3 Nbd7 7. f4 b6 8. Ngf3 Bb7 9. Ne5 Ne4 10. Nxe4 dxe4 11. Bc4 Nxe5 12. dxe5 Re8 13. Qb3 Rf8 14. Rd1 Qe8 15. O-O Kh8 16. Rd2 Rd8 17. Rxd8 Qxd8 18. Rd1 Qe8 19. Bd5 Bxd5 20. Qxd5 f6 21. Bh4 fxe5 22. fxe5 Qa4 23. Bxe7 Re8 24. Bf6 Rf8 25. Rf1 Qe8 26. Bxg7+ Kxg7 27. Rxf8 Qxf8 28. Qxe4 Qd8 29. h3 Kf7 30. Qf4+ Ke6 31. Qf6+ Qxf6 32. exf6 Kxf6 33. Kf2 Ke5 34. Kf3 c5 35. h4 b5 36. e4 a5 37. Ke3 a4 38. a3 h6 39. g3 h5 40. Kd3 Ke6 41. Ke3 Ke5 42. Kf3 Ke6 43. Kf4 Kf6 44. e5+ Ke6 45. Ke4 b4 46. cxb4 c4 47. Kd4 1-0


[Site "https://www.chess.com"]

[Event "Titled Tuesday Blitz July 25 Early 2023"]
[White "Castella Garcia, Fausto"]
[Black "Kuchava, Ana"]
[WhiteFideId "3501922"]
[BlackFideId "13605348"]
[WhiteElo "2442"]
[BlackElo "2215"]
[Result "1-0"]
[Round "9"]
[TimeControl "180+2"]
[Date "2023.07.25"]
[WhiteClock "0:01:06"]
[BlackClock "0:00:00"]
[Board "160"]

1. e4 c5 2. Nf3 d6 3. d4 cxd4 4. Nxd4 Nf6 5. Nc3 Nc6 6. Bg5 e6 7. Qd2 Qb6 8. Ndb5 a6 9. Be3 Qd8 10. Nd4 Be7 11. O-O-O Bd7 12. Be2 b5 13. a3 O-O 14. g4 Nxd4 15. Qxd4 Bc6 16. g5 Nd7 17. h4 Rb8 18. f4 Qa5 19. g6 fxg6 20. h5 g5 21. Bg4 Nc5 22. h6 Bf6 23. e5 Na4 24. exf6 1-0


[Site "https://www.chess.com"]

[Event "Titled Tuesday Blitz July 25 Early 2023"]
[White "Sailer, Mike"]
[Black "Fajdetic, Hrvoje"]
[WhiteFideId "2012901"]
[BlackFideId "14501945"]
[WhiteElo "2162"]
[BlackElo "2338"]
[Result "0-1"]
[Round "9"]
[TimeControl "180+2"]
[Date "2023.07.25"]
[WhiteClock "0:00:00"]
[BlackClock "0:00:14"]
[Board "162"]

1. d4 d5 2. Nc3 e6 3. Bf4 a6 4. e3 c5 5. Nf3 Nc6 6. a3 Nf6 7. Ne5 Bd6 8. g4 Qc7 9. g5 Nd7 10. Nxc6 Bxf4 11. exf4 bxc6 12. f5 O-O 13. f6 cxd4 14. Qxd4 Qe5+ 15. Qxe5 Nxe5 16. fxg7 Kxg7 17. O-O-O f6 18. f4 Ng6 19. Ne2 fxg5 20. fxg5 e5 21. h4 Bg4 22. h5 Nf4 23. Nxf4 Rxf4 24. Re1 e4 25. Bh3 Raf8 26. Bxg4 Rxg4 27. Rhg1 Rxg1 28. Rxg1 Rf2 29. b4 Rh2 30. h6+ Kg6 31. Rf1 Kxg5 32. Rf7 Rxh6 33. Ra7 e3 0-1


[Site "https://www.chess.com"]

[Event "Titled Tuesday Blitz July 25 Early 2023"]
[White "Viskelis, Darius"]
[Black "Sanudula, K M Dahamdi"]
[WhiteFideId "12800830"]
[BlackFideId "9932470"]
[WhiteElo "2333"]
[BlackElo "2155"]
[Result "1-0"]
[Round "9"]
[TimeControl "180+2"]
[Date "2023.07.25"]
[WhiteClock "0:01:53"]
[BlackClock "0:00:08"]
[Board "163"]

1. e4 d5 2. exd5 Qxd5 3. Nc3 Qa5 4. b4 Qxb4 5. Rb1 Qd6 6. Nf3 c6 7. Bb2 Nf6 8. Bc4 Qc7 9. a4 Bg4 10. h3 Bxf3 11. Qxf3 e6 12. O-O Bd6 13. Ne4 Nxe4 14. Qxe4 O-O 15. Bd3 g6 16. Rfe1 Nd7 17. a5 a6 18. h4 Rfe8 19. h5 f5 20. Qh4 Be7 21. Qh3 Bf6 22. hxg6 hxg6 23. Qh6 Bxb2 24. Rxb2 Nf8 25. Bc4 Qg7 26. Qxg7+ Kxg7 27. Rxb7+ Kf6 28. Rb6 Rec8 29. f4 Rc7 30. Kf2 Re7 31. Rxc6 Nd7 32. Rexe6+ Rxe6 33. Rxe6+ Kf7 34. Rxa6+ 1-0


[Site "https://www.chess.com"]

[Event "Titled Tuesday Blitz July 25 Early 2023"]
[White "Cardenas Carbajal, Nilson"]
[Black "Vifleemskaia, Svetlana"]
[WhiteFideId "8401128"]
[BlackFideId "4129490"]
[WhiteElo "2152"]
[BlackElo "2317"]
[Result "0-1"]
[Round "9"]
[TimeControl "180+2"]
[Date "2023.07.25"]
[WhiteClock "0:00:07"]
[BlackClock "0:00:34"]
[Board "164"]

1. e4 e5 2. Nf3 Nc6 3. Bc4 Nf6 4. d3 Be7 5. c3 O-O 6. O-O d5 7. exd5 Nxd5 8. Re1 Nb6 9. Bb5 f6 10. a4 a5 11. Na3 Bg4 12. h3 Bh5 13. Be3 Nd5 14. Bc4 Kh8 15. g4 Nxe3 16. fxe3 Bg6 17. d4 Bd6 18. Nb5 f5 19. Nxd6 cxd6 20. dxe5 fxg4 21. hxg4 Qc8 22. e6 Ne5 23. Bd5 Nxf3+ 24. Bxf3 Qxe6 25. Kg2 Rab8 26. Qd4 b5 27. Rh1 Qf6 28. Rhf1 Qe5 29. Qxe5 dxe5 30. axb5 Rxb5 31. Rf2 Rfb8 32. b4 axb4 33. cxb4 Rxb4 34. Bd5 Rxg4+ 35. Kh2 Rh4+ 36. Kg2 Rhb4 37. Ra7 h6 38. e4 Bxe4+ 39. Bxe4 Rxe4 40. Rff7 Rg4+ 41. Kf3 Rg5 42. Ke4 Rb4+ 43. Kd5 Rd4+ 44. Ke6 e4 45. Rf8+ Kh7 46. Raa8 e3 47. Kf7 Rf5+ 48. Ke6 Rxf8 49. Rxf8 e2 0-1


[Site "https://www.chess.com"]

[Event "Titled Tuesday Blitz July 25 Early 2023"]
[White "djjohnnywoo"]
[Black "Cooper, Aaron"]
[BlackFideId "2634945"]
[WhiteElo "2141"]
[BlackElo "2290"]
[Result "0-1"]
[Round "9"]
[TimeControl "180+2"]
[Date "2023.07.25"]
[WhiteClock "0:00:33"]
[BlackClock "0:00:53"]
[Board "165"]

1. g3 Nf6 2. Bg2 d5 3. d3 g6 4. Nd2 Bg7 5. h3 O-O 6. e4 dxe4 7. dxe4 e5 8. Qe2 c6 9. Nc4 Qc7 10. Be3 b6 11. Nf3 Nbd7 12. O-O-O Nxe4 13. Nfd2 Nxd2 14. Qxd2 Nf6 15. Bh6 Be6 16. Bxg7 Kxg7 17. Qc3 Bxc4 18. Qxc4 Rac8 19. Rhe1 Rfe8 20. g4 h6 21. h4 e4 22. Bxe4 Qf4+ 23. Kb1 Rxe4 24. Qa6 Rce8 25. Qxa7 Rxe1 0-1


[Site "https://www.chess.com"]

[Event "Titled Tuesday Blitz July 25 Early 2023"]
[White "Hrescak, Ivana"]
[Black "Schut, Han"]
[WhiteFideId "14613441"]
[BlackFideId "1005561"]
[WhiteElo "2133"]
[BlackElo "2284"]
[Result "1/2-1/2"]
[Round "9"]
[TimeControl "180+2"]
[Date "2023.07.25"]
[WhiteClock "0:00:03"]
[BlackClock "0:00:07"]
[Board "166"]

1. e4 c5 2. Nf3 d6 3. Bb5+ Bd7 4. Bxd7+ Qxd7 5. c4 Nf6 6. Nc3 g6 7. d4 cxd4 8. Nxd4 Bg7 9. b3 O-O 10. Bb2 Rc8 11. O-O Nc6 12. Nxc6 Qxc6 13. Nd5 Nxd5 14. exd5 Qd7 15. Bxg7 Kxg7 16. Qd4+ Kg8 17. Rfe1 Rc7 18. Re4 b5 19. Rae1 bxc4 20. bxc4 Re8 21. h4 h5 22. Qe3 Qa4 23. Qb3 Qa6 24. a3 Rb7 25. Qg3 Rc7 26. c5 Rxc5 27. Rxe7 Rxe7 28. Rxe7 Rc1+ 29. Kh2 Qf1 30. Re8+ Kg7 31. Qe3 Qh1+ 32. Kg3 Qd1 33. Qe4 Rc3+ 34. Kh2 Rd3 35. Re7 Rd4 36. Qf3 Rxh4+ 37. Kg3 Rg4+ 38. Kh2 Rh4+ 39. Kg3 Qxf3+ 40. Kxf3 Rd4 41. Rxa7 Rxd5 42. a4 Kf6 43. Ke4 Rc5 44. a5 Ke6 45. a6 Ra5 46. Ra8 Ra4+ 47. Ke3 d5 48. a7 Kf6 49. Kd3 g5 50. Ke3 h4 51. Kf3 Kg7 52. Ke3 f5 53. Kf3 Ra3+ 54. Ke2 g4 55. Kd2 h3 56. gxh3 gxh3 57. Rb8 Rxa7 58. Rb3 Kf6 59. Rxh3 Ra2+ 60. Ke3 Ke5 61. Rh8 Ra3+ 62. Ke2 Kf4 63. Rd8 Ke4 64. Re8+ Kd4 65. Rf8 Ra2+ 66. Kf3 Ra3+ 67. Kf4 Ra2 68. f3 Kc3 69. Rxf5 d4 70. Rd5 d3 71. Kf5 Re2 72. f4 d2 73. Kg6 Re3 74. Rxd2 Kxd2 75. f5 Rg3+ 76. Kf7 Kd3 77. f6 Ke4 78. Ke6 Rg6 79. Ke7 Kf5 80. f7 Rg7 81. Ke8 Rxf7 82. Kxf7 1/2-1/2


[Site "https://www.chess.com"]

[Event "Titled Tuesday Blitz July 25 Early 2023"]
[White "Jahnz, Fabian"]
[Black "rikchessmx"]
[WhiteFideId "4653300"]
[WhiteElo "2120"]
[BlackElo "2260"]
[Result "0-1"]
[Round "9"]
[TimeControl "180+2"]
[Date "2023.07.25"]
[WhiteClock "0:00:04"]
[BlackClock "0:01:23"]
[Board "167"]

1. e4 c5 2. Nf3 e6 3. d4 cxd4 4. Nxd4 a6 5. c4 Qc7 6. Nc3 Nf6 7. Be3 Bb4 8. Bd3 Nc6 9. Nxc6 dxc6 10. O-O h5 11. f3 Bd6 12. f4 Ng4 13. Qf3 Qa5 14. Kh1 Bc5 15. Bxc5 Qxc5 16. f5 e5 17. Rac1 Bd7 18. a3 a5 19. Na4 Qd4 20. h3 b5 21. cxb5 Qxa4 22. bxc6 Bxc6 23. Rc4 Qb5 24. Rfc1 Qa6 25. Rxc6 Qxd3 26. Rc8+ Ke7 27. Rxa8 Qxf3 28. gxf3 Rxa8 29. fxg4 hxg4 30. hxg4 Ra7 31. Rc5 Kf6 32. Kg2 Kg5 33. Kf3 f6 34. Rd5 Rb7 35. Rxa5 Rb3+ 36. Kf2 Rxb2+ 37. Kf3 Rb3+ 38. Kf2 Kxg4 39. Ra7 Kf4 40. a4 Ra3 41. a5 Kxe4 42. a6 Kxf5 43. Ra8 g5 44. Ke2 Kf4 45. a7 f5 46. Ke1 e4 47. Kf1 Kf3 48. Kg1 f4 49. Rg8 Rxa7 50. Rxg5 e3 51. Rd5 Ra3 52. Rd6 e2 0-1


[Site "https://www.chess.com"]

[Event "Titled Tuesday Blitz July 25 Early 2023"]
[White "Goughfather"]
[Black "Samaganova, Aleksandra"]
[BlackFideId "13800221"]
[WhiteElo "2057"]
[BlackElo "2257"]
[Result "1-0"]
[Round "9"]
[TimeControl "180+2"]
[Date "2023.07.25"]
[WhiteClock "0:00:03"]
[BlackClock "0:00:38"]
[Board "168"]

1. d4 Nf6 2. Nc3 e6 3. e4 d5 4. exd5 exd5 5. Bg5 Be7 6. Bd3 h6 7. Bh4 c5 8. dxc5 O-O 9. Nf3 Nc6 10. h3 Bxc5 11. O-O Be6 12. a3 Be7 13. Ne2 Rc8 14. Nf4 Qd7 15. Nxe6 Qxe6 16. Re1 Qd7 17. Bb5 Qc7 18. Bxc6 bxc6 19. Nd4 Rfe8 20. Nf5 Bd8 21. Rxe8+ Nxe8 22. Qg4 Bxh4 23. Qxh4 Qe5 24. Ne7+ Kf8 25. Nxc8 Qc7 26. Re1 f6 27. Ne7 Nd6 28. Ng6+ Kg8 29. Qg4 f5 30. Qe2 Kh7 31. Qe6 Ne4 32. Nf8+ Kh8 33. Nd7 Qf4 34. Qe8+ Kh7 35. Nf8+ Kg8 36. Ne6+ 1-0


[Site "https://www.chess.com"]

[Event "Titled Tuesday Blitz July 25 Early 2023"]
[White "Saim, Mohamed Ilias"]
[Black "Nugumanov, Bakhtiyar"]
[WhiteFideId "7900465"]
[BlackFideId "13701797"]
[WhiteElo "1932"]
[BlackElo "2246"]
[Result "1-0"]
[Round "9"]
[TimeControl "180+2"]
[Date "2023.07.25"]
[WhiteClock "0:01:44"]
[BlackClock "0:00:00"]
[Board "169"]

1. c4 e6 2. g3 Nf6 3. Bg2 c5 4. e4 Be7 5. Nc3 d6 6. Nge2 O-O 7. O-O e5 8. f4 Nc6 9. d3 Bg4 10. h3 Bd7 11. f5 g6 12. g4 Ne8 13. Bh6 Ng7 14. Nd5 f6 15. Ng3 Nd4 16. Kh1 b5 17. b3 1-0


[Site "https://www.chess.com"]

[Event "Titled Tuesday Blitz July 25 Early 2023"]
[White "SoyuzTM4"]
[Black "Atanasov, Radislav"]
[BlackFideId "2901471"]
[WhiteElo "2176"]
[BlackElo "2233"]
[Result "1-0"]
[Round "9"]
[TimeControl "180+2"]
[Date "2023.07.25"]
[WhiteClock "0:00:27"]
[BlackClock "0:00:00"]
[Board "170"]

1. e4 e5 2. Nf3 Nc6 3. Bb5 a6 4. Ba4 Nf6 5. O-O Nxe4 6. d4 b5 7. Bb3 d5 8. dxe5 Be6 9. c3 Bc5 10. Nbd2 O-O 11. Bc2 Nxf2 12. Rxf2 f6 13. exf6 Bxf2+ 14. Kxf2 Qxf6 15. a4 b4 16. Kg1 bxc3 17. bxc3 Qxc3 18. Ba3 Qe3+ 19. Kh1 Rf7 20. Nf1 Qf4 21. Bxh7+ Kxh7 22. Qc2+ Bf5 23. Qxc6 Rd8 24. Ng3 Be4 25. Rf1 Rf6 26. Qb7 Rh6 27. Nxe4 dxe4 28. Qxe4+ Qxe4 29. Ng5+ Kg6 30. Nxe4 Rd3 31. Bc5 Rd5 32. Bg1 Rh4 33. Ng3 Rxa4 34. Rc1 Rd7 35. Be3 Ra2 36. h3 a5 37. Rc6+ Kf7 38. Ne4 Rd1+ 39. Kh2 Re1 40. Ng5+ Ke8 41. Bf4 1-0


[Site "https://www.chess.com"]

[Event "Titled Tuesday Blitz July 25 Early 2023"]
[White "Khouri, Ahmed Abbas"]
[Black "Novikova, Margarita"]
[WhiteFideId "9301518"]
[BlackFideId "14109689"]
[WhiteElo "2215"]
[BlackElo "2163"]
[Result "1-0"]
[Round "9"]
[TimeControl "180+2"]
[Date "2023.07.25"]
[WhiteClock "0:01:45"]
[BlackClock "0:01:35"]
[Board "171"]

1. e4 d5 2. exd5 Qxd5 3. Nc3 Qd6 4. d4 Nf6 5. Nf3 a6 6. Ne5 Nc6 7. Bf4 Nxe5 8. Bxe5 Qb6 9. Rb1 Bf5 10. Bd3 Bxd3 11. Qxd3 e6 12. Qg3 O-O-O 13. O-O Rg8 14. Bxf6 gxf6 15. Qxg8 Bc5 16. Qxf7 Bxd4 17. Rfd1 Bxf2+ 18. Kh1 Rxd1+ 19. Rxd1 1-0


[Site "https://www.chess.com"]

[Event "Titled Tuesday Blitz July 25 Early 2023"]
[White "Guevara Sanchez, Erick Marvin"]
[Black "KSho99"]
[WhiteFideId "6700136"]
[WhiteElo "2094"]
[BlackElo "2202"]
[Result "0-1"]
[Round "9"]
[TimeControl "180+2"]
[Date "2023.07.25"]
[WhiteClock "0:01:03"]
[BlackClock "0:00:17"]
[Board "172"]

1. e4 e6 2. d4 d5 3. exd5 exd5 4. Bd3 Nf6 5. Bf4 Bd6 6. Bxd6 Qxd6 7. Nf3 Bg4 8. O-O O-O 9. h3 Bh5 10. c3 c6 11. Nbd2 Nbd7 12. Qc2 Bg6 13. Bxg6 hxg6 14. Rfe1 Rfe8 15. Nf1 Ne4 16. N1d2 Qf4 17. Nxe4 dxe4 18. Nd2 e3 19. fxe3 Rxe3 20. Rxe3 Qxe3+ 21. Kh1 Re8 22. Nf3 Qf4 23. Qf2 Nf6 24. Re1 Ne4 25. Qh4 Qxh4 26. Nxh4 Ng3+ 27. Kh2 Rxe1 28. Kxg3 Re2 29. b3 Rxa2 30. Kf4 Ra3 31. Ke5 Rxb3 32. c4 a5 33. d5 cxd5 34. cxd5 a4 35. d6 Kf8 36. Nf3 Rxf3 37. d7 Rd3 38. Ke4 Rxd7 39. Ke3 a3 0-1


[Site "https://www.chess.com"]

[Event "Titled Tuesday Blitz July 25 Early 2023"]
[White "Maluco_do_Natal_00"]
[Black "Vafin, Ayrat"]
[BlackFideId "4146530"]
[WhiteElo "2027"]
[BlackElo "2324"]
[Result "1-0"]
[Round "9"]
[TimeControl "180+2"]
[Date "2023.07.25"]
[WhiteClock "0:00:47"]
[BlackClock "0:00:00"]
[Board "173"]

1. e4 c6 2. d4 d5 3. Nc3 dxe4 4. Nxe4 Bf5 5. Ng3 Bg6 6. h4 h6 7. h5 Bh7 8. Nf3 Nd7 9. Bd3 Bxd3 10. Qxd3 e6 11. Bd2 Ngf6 12. O-O-O Be7 13. Kb1 O-O 14. Ne4 Nxe4 15. Qxe4 Nf6 16. Qe2 b5 17. g4 Nh7 18. Ne5 Qb6 19. Nd7 Qxd4 20. Nxf8 Bxf8 21. Bxh6 Qf6 22. Be3 a5 23. f4 a4 24. g5 Qe7 25. g6 Nf6 26. gxf7+ Qxf7 27. Bd4 Nh7 28. Rdg1 a3 29. b3 c5 30. Bxg7 Bxg7 31. h6 Qf6 32. Rxg7+ Kf8 33. Qe5 c4 34. Rxh7 Qxe5 35. fxe5 1-0


[Site "https://www.chess.com"]

[Event "Titled Tuesday Blitz July 25 Early 2023"]
[White "campochess"]
[Black "Winkels, Marcel"]
[BlackFideId "1003887"]
[WhiteElo "2146"]
[BlackElo "2047"]
[Result "1-0"]
[Round "9"]
[TimeControl "180+2"]
[Date "2023.07.25"]
[WhiteClock "0:00:12"]
[BlackClock "0:00:00"]
[Board "174"]

1. d4 Nf6 2. Bg5 g6 3. Bxf6 exf6 4. e3 Bg7 5. c4 O-O 6. Nc3 c6 7. g3 d6 8. Bg2 Na6 9. Nge2 Nc7 10. a4 a5 11. O-O f5 12. Qc2 Bd7 13. Rfd1 Rc8 14. Nf4 g5 15. Nd3 h6 16. b4 axb4 17. Nxb4 c5 18. dxc5 dxc5 19. Nba2 Rb8 20. Rd2 Qe7 21. Rad1 Rfd8 22. Rb1 Bc6 23. Bxc6 bxc6 24. Rxd8+ Rxd8 25. Rb7 f4 26. exf4 gxf4 27. Qe4 Qd6 28. gxf4 Ne6 29. Ne2 Nd4 30. Ng3 Qf6 31. Nc3 Ne6 32. Nce2 Nd4 33. Kg2 Qg6 34. f5 Qg5 35. Nf4 Qf6 36. a5 Qe5 37. Qxe5 Bxe5 38. Nd3 Bd6 39. a6 Ra8 40. a7 Kg7 41. Ne4 Be7 42. Nexc5 Bxc5 43. Nxc5 Nxf5 44. Na6 Nd6 45. Rd7 Nxc4 46. Nb4 Ne5 47. Rc7 c5 48. Nc2 c4 49. f4 Nd3 50. Kf3 Kf8 51. Ke4 Ke8 52. Kd4 f5 53. Kxc4 Nxf4 54. Rh7 Ng6 55. Nb4 Kf8 56. Nc6 Kg8 57. Rb7 1-0


[Site "https://www.chess.com"]

[Event "Titled Tuesday Blitz July 25 Early 2023"]
[White "Bogumil, Tatiana"]
[Black "Lisjak, Zlatko"]
[WhiteFideId "4110579"]
[BlackFideId "14502186"]
[WhiteElo "2019"]
[BlackElo "2115"]
[Result "0-1"]
[Round "9"]
[TimeControl "180+2"]
[Date "2023.07.25"]
[WhiteClock "0:00:02"]
[BlackClock "0:00:06"]
[Board "175"]

1. Nf3 d6 2. d4 Bg4 3. e4 Nf6 4. Nc3 c6 5. Be2 e6 6. O-O d5 7. e5 Nfd7 8. h3 Bh5 9. Nb1 c5 10. c3 Nc6 11. Be3 Be7 12. Na3 O-O 13. Nc2 Rc8 14. Rc1 Qb6 15. b3 f6 16. exf6 gxf6 17. Nh2 Bg6 18. Bd3 f5 19. Bh6 Rf7 20. Nf3 Qd8 21. Qe2 Rf6 22. Bg5 Nf8 23. Bxf6 Bxf6 24. Rfe1 b6 25. Bb5 Ne7 26. Ne5 Kh8 27. Nxg6+ Nexg6 28. Red1 Qe7 29. Ne1 cxd4 30. cxd4 Rxc1 31. Rxc1 Bxd4 32. Rc8 Kg7 33. Nf3 Bc5 34. Ne5 Qg5 35. Nf3 Qc1+ 36. Kh2 Bd6+ 37. g3 Qxc8 38. h4 Qc7 39. h5 Ne5 40. Nd4 Ng4+ 41. Kg2 Qf7 42. Bd3 Nh6 43. f4 Qf6 44. Nf3 Ng4 45. Ng5 e5 46. fxe5 Qxe5 47. Qxe5+ Nxe5 48. Nf3 Nxd3 49. Nd4 Kf6 50. Nc6 Ne6 51. Nxa7 Nec5 52. Nc8 Be5 53. Nxb6 Ne4 54. Nxd5+ Ke6 55. Ne3 Bxg3 56. a4 f4 57. Nc4 Ne5 58. Nb2 f3+ 59. Kf1 f2 60. a5 Nd2+ 0-1


[Site "https://www.chess.com"]

[Event "Titled Tuesday Blitz July 25 Early 2023"]
[White "Estevez Polanco, Leonardo Rafael"]
[Black "Lohani, Sujana"]
[WhiteFideId "6402798"]
[BlackFideId "12311987"]
[WhiteElo "2093"]
[BlackElo "1930"]
[Result "0-1"]
[Round "9"]
[TimeControl "180+2"]
[Date "2023.07.25"]
[WhiteClock "0:00:00"]
[BlackClock "0:00:27"]
[Board "176"]

1. e4 c5 2. Nf3 Nc6 3. c3 e5 4. Bc4 Nf6 5. d3 d6 6. Nbd2 Be7 7. O-O O-O 8. h3 d5 9. Bb3 d4 10. cxd4 cxd4 11. Nc4 Qc7 12. Bd2 Nd7 13. Rc1 Nc5 14. Bc2 Re8 15. Bb1 Qb8 16. b4 Ne6 17. b5 Ncd8 18. Nfxe5 Bf6 19. Nf3 Nf4 20. Bxf4 Qxf4 21. Qd2 Qb8 22. Rfe1 Be6 23. Nh2 Bxc4 24. Rxc4 Ne6 25. Rec1 Be7 26. Bc2 Bd6 27. Nf1 Bf4 28. Bb3 Bxd2 29. Nxd2 Qd6 30. Nf3 Qf4 0-1


[Site "https://www.chess.com"]

[Event "Titled Tuesday Blitz July 25 Early 2023"]
[White "Navyblue1"]
[Black "Semenova, Alina"]
[BlackFideId "24113875"]
[WhiteElo "1908"]
[BlackElo "2075"]
[Result "1/2-1/2"]
[Round "9"]
[TimeControl "180+2"]
[Date "2023.07.25"]
[WhiteClock "0:00:06"]
[BlackClock "0:00:38"]
[Board "177"]

1. d4 d5 2. c4 e6 3. Nc3 Nf6 4. cxd5 exd5 5. Bg5 Be7 6. Qc2 O-O 7. e3 c6 8. Bd3 h6 9. Bh4 Re8 10. Nge2 Ne4 11. Bxe7 Qxe7 12. O-O Nd7 13. Rae1 Ndf6 14. f3 Nd6 15. Ng3 b6 16. e4 dxe4 17. fxe4 Bb7 18. e5 Ng4 19. h3 Qh4 20. hxg4 Qxg3 21. Bh7+ Kh8 22. Be4 Nxe4 23. Qxe4 Rab8 24. Re3 Qh4 25. Rh3 Qe7 26. Qf4 c5 27. dxc5 Qxe5 28. Qxe5 Rxe5 29. cxb6 axb6 30. Rxf7 Bd5 31. Rf2 Bc4 32. Kh2 b5 33. Rg3 Be6 34. a3 b4 35. axb4 Rxb4 36. Rf8+ Kh7 37. Re8 Rxg4 38. Rxg4 Rh5+ 39. Kg3 Bxg4 40. Kxg4 Rg5+ 41. Kf4 Rxg2 42. Re2 Rg5 43. b4 Rg6 44. b5 Rb6 45. Kf5 g6+ 46. Kg4 h5+ 47. Kg5 Rb7 48. Re6 Rc7 49. Re5 Rxc3 50. Re7+ Kg8 51. Kxg6 Kf8 52. Rh7 Rb3 53. Rxh5 Ke7 54. Re5+ Kd6 55. Rg5 Kc7 56. Kf6 Kb6 57. Ke6 Rxb5 58. Rxb5+ Kxb5 1/2-1/2


[Site "https://www.chess.com"]

[Event "Titled Tuesday Blitz July 25 Early 2023"]
[White "Zepeda Berlanga, Jan Enrique"]
[Black "Wisniowski, Natalie"]
[WhiteFideId "5132355"]
[BlackFideId "30929261"]
[WhiteElo "1842"]
[BlackElo "2063"]
[Result "1-0"]
[Round "9"]
[TimeControl "180+2"]
[Date "2023.07.25"]
[WhiteClock "0:00:17"]
[BlackClock "0:00:02"]
[Board "178"]

1. c4 Nf6 2. Nf3 g6 3. g3 Bg7 4. Bg2 O-O 5. d4 d5 6. cxd5 Nxd5 7. Nc3 c6 8. e4 Nxc3 9. bxc3 c5 10. O-O Bg4 11. Be3 Nc6 12. e5 Qc7 13. h3 Bxf3 14. Bxf3 Rad8 15. Qa4 Nb8 16. Rab1 b6 17. Rfd1 Rfe8 18. Bf4 cxd4 19. e6 Qc8 20. exf7+ Kxf7 21. cxd4 Kf8 22. d5 Nd7 23. d6 exd6 24. Bxd6+ Kg8 25. Bd5+ Kh8 26. Bf7 Rf8 27. Bxf8 Rxf8 28. Qxd7 Qc2 29. Rbc1 Qxa2 30. Bxa2 1-0


[Site "https://www.chess.com"]

[Event "Titled Tuesday Blitz July 25 Early 2023"]
[White "Hartikainen, Jarmo"]
[Black "Piesik, Piotr"]
[WhiteFideId "503134"]
[BlackFideId "1136194"]
[WhiteElo "2078"]
[BlackElo "2608"]
[Result "0-1"]
[Round "9"]
[TimeControl "180+2"]
[Date "2023.07.25"]
[WhiteClock "0:00:07"]
[BlackClock "0:01:44"]
[Board "179"]

1. e4 g6 2. d4 Bg7 3. Nc3 c6 4. Be3 d5 5. e5 Nh6 6. Be2 Nf5 7. h4 Nxe3 8. fxe3 f6 9. h5 fxe5 10. hxg6 hxg6 11. Rxh8+ Bxh8 12. Nf3 e4 13. Ne5 Bxe5 14. dxe5 Nd7 15. Qd4 e6 16. O-O-O Qh4 17. Rf1 Qh8 18. Nxe4 dxe4 19. Qxe4 Nxe5 20. Bd3 Bd7 21. Qd4 Nxd3+ 22. Qxd3 O-O-O 23. Qxg6 e5 24. Rf7 Qh1+ 25. Kd2 Bf5+ 26. Kc3 Qe1+ 27. Kb3 Bxg6 0-1


[Site "https://www.chess.com"]